 Dungeon Crawl Stone Soup version 0.26-a0-648-g87339cca5e (webtiles) character file.

Game seed: 16787783485168643314

108 Gargoyl the Skirmisher (level 4, -8/41 HPs)
             Began as a Gnoll Abyssal Knight on Sept 25, 2020.
             Was a Believer of Lugonu.
             Mangled by an ogre
             ... wielding a +0 giant spiked club
              (27 damage)
             ... on level 2 of the Dungeon.
             The game lasted 00:02:54 (2133 turns).

Gargoyl the Skirmisher (Gnoll Abyssal Knight)       Turns: 2133, Time: 00:02:55

Health: -8/41      AC: 12    Str: 16    XL:     4   Next: 87%
Magic:  16/16      EV:  5    Int: 14    God:    Lugonu [**....]
Gold:   213        SH:  9    Dex: 14    Spells: 5/5 levels left

rFire    . . .     SeeInvis .   a - +1 hand axe
rCold    . . .     Faith    .   e - +1 kite shield
rNeg     . . .     Spirit   .   j - +0 chain mail
rPois    .         Reflect  .   (no helmet)
rElec    .         Harm     .   (no cloak)
rCorr    .         Rampage  .   (no gloves)
MR       .....                  c - +2 pair of boots
Stlth    ..........             (no amulet)
HPRegen  0.13/turn              n - ring of magical power
MPRegen  0.15/turn              (no ring)

@: no status effects
A: distributed training, fangs 1, strong nose
a: Depart the Abyss, Bend Space, Renounce Religion


You were on level 2 of the Dungeon.
You worshipped Lugonu.
Lugonu was pleased with you.
You visited 1 branch of the dungeon, and saw 3 of its levels.
You visited the Abyss 1 time.

You collected 213 gold pieces.

Inventory:

Hand Weapons
 a - a +1 hand axe (weapon)
Missiles
 b - 11 poisoned darts (quivered)
 h - 8 javelins
Armour
 c - a +2 pair of boots (worn)
 e - a +1 kite shield (worn)
 j - a +0 chain mail (worn)
Jewellery
 n - a ring of magical power (left hand)
Scrolls
 f - 2 scrolls of identify
Potions
 d - 2 potions of curing
 g - 3 potions of flight {unknown}
 k - a potion of heal wounds {unknown}
 l - a potion of berserk rage {unknown}
 m - 2 potions of haste {unknown}


   Skills:
 + Level 6.6 Fighting
 + Level 1.2 Short Blades
 + Level 1.2 Long Blades
 + Level 4.7 Axes
 + Level 1.2 Maces & Flails
 + Level 1.2 Polearms
 + Level 1.2 Staves
 + Level 1.2 Slings
 + Level 1.2 Bows
 + Level 1.2 Crossbows
 + Level 1.2 Throwing
 + Level 4.7 Armour
 + Level 2.8 Dodging
 + Level 1.2 Stealth
 + Level 1.2 Shields
 + Level 1.2 Unarmed Combat
 + Level 1.2 Spellcasting
 + Level 1.0 Conjurations
 + Level 1.0 Hexes
 + Level 1.0 Summonings
 + Level 1.0 Necromancy
 + Level 1.0 Translocations
 + Level 1.0 Transmutations
 + Level 1.0 Fire Magic
 + Level 1.0 Ice Magic
 + Level 1.0 Air Magic
 + Level 1.0 Earth Magic
 + Level 1.0 Poison Magic
 + Level 4.7 Invocations
 + Level 1.2 Evocations


You had 5 spell levels left.
You didn't know any spells.
Your spell library was empty.

Dungeon Overview and Level Annotations

Branches:
Dungeon (3/15)

Altars:
The Shining One


Innate Abilities, Weirdness & Mutations

Your experience applies equally to all skills.
You have very sharp teeth.
Your uncanny sense of smell can sniff out nearby items.


Message History

Press: ? - help, Shift-Dir - straight line, f/p - ogre
Aim: an ogre, wielding a +0 giant spiked club (lightly wounded)
You throw a poisoned dart.
The poisoned dart closely misses the ogre.
The ogre hits you with a +0 giant spiked club!
Throwing (i - inventory. (/) - cycle)
b - 13 poisoned darts (quivered)
Press: ? - help, Shift-Dir - straight line, f/p - ogre
Aim: an ogre, wielding a +0 giant spiked club (lightly wounded)
You throw a poisoned dart. The poisoned dart hits the ogre.
The ogre is poisoned.
The ogre is lightly wounded.
The ogre looks more healthy.
Throwing (i - inventory. (/) - cycle)
b - 12 poisoned darts (quivered)
Press: ? - help, Shift-Dir - straight line, f/p - ogre
Aim: an ogre, wielding a +0 giant spiked club (moderately wounded)
You throw a poisoned dart. The poisoned dart hits the ogre.
The ogre is moderately wounded.
The ogre hits you with a +0 giant spiked club!!
Ouch! That really hurt!
You die...

#######.#...............#### #...
....##..##............#....###...
.##..#.####...##...##..###...#...
..............##..####..##...#...
#####......................#.#...
..................<..............
##.........#...#.##..............
......(....##..............##....
.......#)......O@..##.###.....##.
..##...............##..#..##..##.
.............##.#.........###....
.###..##.#..........###..## ####.
......##.#............#..## #.
......#....#####...<......### #.
####......## ##.........[..## ##
#....#.######...#.......#..####
###....#........#.#.......##....#


You could see an ogre.

Vanquished Creatures
  Jessica (D:2)
  3 adders
  An ooze (D:2)
  A dart slug (D:2)
  3 orcs
  10 bats
  2 giant cockroaches
  4 goblins
  4 hobgoblins (D:1)
  7 jackals
  3 kobolds
  A quokka (D:3)
  3 frilled lizards
  4 rats
47 creatures vanquished.

Notes
Turn   | Place    | Note
-------+----------+-------------------------------------------
     0 | Abyss:1  | Gargoyl the Gnoll Abyssal Knight began the quest for the
                  | Orb.
     0 | Abyss:1  | Reached XP level 1. HP: 23/23 MP: 3/3
   146 | Abyss:2  | Noticed a small abomination
   155 | Abyss:2  | Noticed a small abomination
   156 | D:1      | Escaped the Abyss
   476 | D:1      | Reached XP level 2. HP: 28/29 MP: 5/5
   679 | D:1      | Reached * piety under Lugonu
  1286 | D:2      | Reached XP level 3. HP: 35/35 MP: 6/6
  1522 | D:2      | Noticed Jessica
  1538 | D:2      | Killed Jessica
  1538 | D:2      | Reached skill level 1 in Short Blades
  1538 | D:2      | Reached skill level 1 in Long Blades
  1538 | D:2      | Reached skill level 1 in Maces & Flails
  1538 | D:2      | Reached skill level 1 in Polearms
  1538 | D:2      | Reached skill level 1 in Staves
  1538 | D:2      | Reached skill level 1 in Slings
  1538 | D:2      | Reached skill level 1 in Bows
  1538 | D:2      | Reached skill level 1 in Crossbows
  1538 | D:2      | Reached skill level 1 in Throwing
  1538 | D:2      | Reached skill level 1 in Stealth
  1538 | D:2      | Reached skill level 1 in Shields
  1538 | D:2      | Reached skill level 1 in Unarmed Combat
  1538 | D:2      | Reached skill level 1 in Spellcasting
  1538 | D:2      | Reached skill level 1 in Evocations
  1538 | D:2      | Reached XP level 4. HP: 38/41 MP: 7/7
  1755 | D:2      | Found a glowing golden altar of the Shining One.
  1850 | D:3      | Reached skill level 1 in Conjurations
  1850 | D:3      | Reached skill level 1 in Hexes
  1850 | D:3      | Reached skill level 1 in Summonings
  1850 | D:3      | Reached skill level 1 in Necromancy
  1850 | D:3      | Reached skill level 1 in Translocations
  1850 | D:3      | Reached skill level 1 in Transmutations
  1850 | D:3      | Reached skill level 1 in Fire Magic
  1850 | D:3      | Reached skill level 1 in Ice Magic
  1850 | D:3      | Reached skill level 1 in Air Magic
  1850 | D:3      | Reached skill level 1 in Earth Magic
  1850 | D:3      | Reached skill level 1 in Poison Magic
  1910 | D:3      | Reached ** piety under Lugonu
  1990 | D:3      | Noticed an ogre
  2133 | D:2      | Mangled by an ogre

Illustrated notes

Levels and vault maps discovered:
D:1:      dpeg_arrival_round_c, layout_basic, patterned_corridor
D:2:      layout_rooms, marbit_many_paths, uniq_jessica
D:3:      layout_rooms, chequers_ecumenical_altar_island, portal_sewer_entry_f

Skill      XL: |  1  2  3  4 |
---------------+-------------+-----
Short Blades   | 1 |  1.2
Long Blades    | 1 |  1.2
Maces & Flails | 1 |  1.2
Polearms       | 1 |  1.2
Staves         | 1 |  1.2
Slings         | 1 |  1.2
Bows           | 1 |  1.2
Crossbows      | 1 |  1.2
Throwing       | 1 |  1.2
Stealth        | 1 |  1.2
Shields        | 1 |  1.2
Unarmed Combat | 1 |  1.2
Spellcasting   | 1 |  1.2
Evocations     | 1 |  1.2
Conjurations   | 1 |  1.0
Hexes          | 1 |  1.0
Summonings     | 1 |  1.0
Necromancy     | 1 |  1.0
Translocations | 1 |  1.0
Transmutations | 1 |  1.0
Fire Magic     | 1 |  1.0
Ice Magic      | 1 |  1.0
Air Magic      | 1 |  1.0
Earth Magic    | 1 |  1.0
Poison Magic   | 1 |  1.0
Fighting       | |  6.6
Axes           | |  4.7
Armour         | |  4.7
Dodging        | |  2.8
Invocations    | |  4.7

Action                   |  1- 3 |  4- 6 || total
-------------------------+-------+-------++-------
Melee: Hand axe          |    79 |    36 ||   115
       Bite              |     8 |     3 ||    11
Throw: Dart              |       |     6 ||     6
Invok: Depart the Abyss  |     1 |       ||     1
  Use: Scroll            |     7 |     2 ||     9
Armor: Leather armour    |    24 |       ||    24
       Chain mail        |    47 |    31 ||    78
Dodge: Dodged            |    36 |    15 ||    51
Block: Kite shield       |    49 |    26 ||    75

Table legend: (Time is in decaauts)
 A = Elapsed time spent in this place.
 B = Non-inter-level travel time spent in this place.
 C = Inter-level travel time spent in this place.
 D = Time resting spent in this place.
 E = Time spent auto-exploring this place.
 F = Levels seen in this place.
 G = Mean time per level.
                   A        B        C        D        E       F      G
               +--------+--------+--------+--------+--------+-----+--------+
         Total |   2157 |   2108 |     49 |    280 |   1331 |   5 |  431.4 |
       Dungeon |   2001 |   1952 |     49 |    280 |   1217 |   3 |  667.0 |
         Abyss |    155 |    155 |      0 |      0 |    114 |   2 |   77.5 |
               +--------+--------+--------+--------+--------+-----+--------+

Top non-repeatable levels by time:
     D:1: 1128 daAuts
     D:2: 778 daAuts
 Abyss:1: 136 daAuts
     D:3: 93 daAuts
 Abyss:2: 19 daAuts
